 Dungeon Crawl Stone Soup version 0.27-a0-1319-geec4fb4e21 (webtiles) character file.

Game seed: 15337776869028262534

98 DocClef the Skirmisher (level 4, -3/38 HPs)
             Began as a Demonspawn Gladiator on June 22, 2021.
             Killed from afar by an orc wizard (8 damage)
             ... with a puff of flame
             ... on level 3 of the Dungeon.
             The game lasted 00:02:10 (2136 turns).

DocClef the Skirmisher (Demonspawn Gladiator)       Turns: 2136, Time: 00:02:11

Health: -3/38      AC:  6    Str: 16    XL:     4   Next: 44%
Magic:  4/4        EV: 12    Int:  9    God:
Gold:   109        SH:  0    Dex: 14    Spells: 3/3 levels left

rFire    . . .     SeeInvis .   a - +0 flail
rCold    . . .     Faith    .   (no shield)
rNeg     . . .     Spirit   .   b - +0 leather armour
rPois    .         Reflect  .   c - +0 helmet
rElec    .         Harm     .   (no cloak)
rCorr    .         Rampage  .   q - +0 pair of gloves
Will     .....                  i - +0 pair of boots
Stlth    +.........             (no amulet)
HPRegen  0.12/turn              (no ring)
MPRegen  0.18/turn              (no ring)

@: brilliant, hasted, very quick
A: magic regeneration, condensation shield
a: no special abilities


You were on level 3 of the Dungeon.
You visited 1 branch of the dungeon, and saw 3 of its levels.

You collected 109 gold pieces.

Inventory:

Hand Weapons
 a - a +0 flail (weapon)
Missiles
 d - 3 throwing nets (quivered)
Armour
 b - a +0 leather armour (worn)
 c - a +0 helmet (worn)
 i - a +0 pair of boots (worn)
 q - a +0 pair of gloves (worn)
Scrolls
 e - 2 scrolls of identify {unknown}
 f - a scroll of immolation {unknown}
 j - a scroll of holy word {unknown}
 l - a scroll of fear {unknown}
 o - a scroll of vulnerability {unknown}
Potions
 h - a potion of haste
 k - a potion of curing
 m - 2 potions of magic {unknown}
 n - a potion of might {unknown}
 p - a potion of heal wounds {unknown}


   Skills:
 + Level 4.7 Fighting
 - Level 2.6 Maces & Flails
 - Level 1.7 Throwing
 - Level 2.6 Dodging


You had 3 spell levels left.
You didn't know any spells.
Your spell library was empty.

Dungeon Overview and Level Annotations

Branches:
Dungeon (3/15)

Altars:


Innate Abilities, Weirdness & Mutations

You regenerate magic rapidly.
A meltable shield of frost defends you. (SH +0)


Message History

The orc wizard points at you and mumbles some strange words.
You are confused.
The orc barely misses you.
You bump into the rock wall.
The orc wizard hits you but does no damage.
You bump into the rock wall.
The orc closely misses you.
The orc wizard hits you but does no damage.
You bump into the rock wall.
The orc wizard hits you with a +2 dagger of speed.
You hit the orc wizard.
The orc wizard is heavily wounded.
The orc barely misses you. The orc wizard barely misses you.
You bump into the rock wall.
The orc wizard hits you with a +2 dagger of speed.
* * * LOW HITPOINT WARNING * * *
The orc misses you.
You miss the orc wizard.
The orc wizard is heavily wounded.
You feel less confused.
The orc wizard gestures at you while chanting.
You resist with some effort. The orc barely misses you.
You hit the orc wizard.
The orc wizard is severely wounded.
You block the orc wizard's attack.
You closely miss the orc wizard.
The orc wizard is severely wounded.
The orc barely misses you.
The orc wizard hits you with a +2 dagger of speed.
* * * LOW HITPOINT WARNING * * *
You completely miss the orc wizard.
The orc wizard is severely wounded.
The orc wizard hits you but does no damage.
The orc hits you with a +0 flail.
* * * LOW HITPOINT WARNING * * *
You hit the orc wizard.
The orc wizard is severely wounded.
The orc wizard gestures at you while chanting.
The puff of flame hits you!
Your condensation shield dissipates!
You die...

..l #............# .#
....#............# .#
....#......).....###.#
........<.†.......#.#
..#..........†.#.#.#
##...............#
#l...........#..#
#oo..........#..#
#@...........#..#
########.#####..# #.#
#.†# #.# #..# #. #..##
.##.######...
.............
.............
.............


You could see an orc wizard, an orc and a frilled lizard.

Vanquished Creatures
  An orc wizard (D:3)
  2 adders
  A worm (D:2)
  2 dart slugs
  2 orcs (D:3)
  5 endoplasms
  2 giant cockroaches
  A goblin (D:2)
  4 hobgoblins
  4 jackals (D:3)
  2 quokkas
  3 ball pythons
  5 bats
  2 frilled lizards (D:1)
  3 kobolds
  6 rats
45 creatures vanquished.

Notes
Turn   | Place    | Note
-------+----------+-------------------------------------------
     0 | D:1      | DocClef the Demonspawn Gladiator began the quest for the
                  | Orb.
     0 | D:1      | Reached XP level 1. HP: 16/16 MP: 1/1
   291 | D:1      | Found a faded altar of an unknown god.
   298 | D:1      | Gained mutation: A meltable shield of frost defends you.
                  | (SH +0) [demonic ancestry]
   298 | D:1      | Reached XP level 2. HP: 22/23 MP: 2/2
   365 | D:1      | Reached skill level 3 in Fighting
  1083 | D:2      | Reached XP level 3. HP: 28/29 MP: 3/3
  1786 | D:3      | Reached skill level 4 in Fighting
  2070 | D:3      | Gained mutation: You regenerate magic rapidly. [demonic
                  | ancestry]
  2070 | D:3      | Reached XP level 4. HP: 38/38 MP: 4/4
  2136 | D:3      | Killed from afar by an orc wizard

Illustrated notes

Levels and vault maps discovered:
D:1:      grunt_arrival_crossed_arrows, layout_rooms,
          ebering_ecumenical_altar_sacrificial, minmay_misc_feat_roman
D:2:      layout_basic
D:3:      minmay_wonky_spiral, layout_basic, uniq_ijyb

Skill      XL: |  1  2  3 |
---------------+----------+-----
Fighting       | 3 4 |  4.7
Maces & Flails | |  2.6
Throwing       | |  1.7
Dodging        | |  2.6

Action                   |  1- 3 |  4- 6 || total
-------------------------+-------+-------++-------
Melee: Flail             |   130 |    42 ||   172
  Use: Potion            |       |     4 ||     4
Armor: Leather armour    |    40 |    24 ||    64
Dodge: Dodged            |    98 |    32 ||   130
Block: Other             |    20 |    11 ||    31

Table legend: (Time is in decaauts)
 A = Elapsed time spent in this place.
 B = Non-inter-level travel time spent in this place.
 C = Inter-level travel time spent in this place.
 D = Time resting spent in this place.
 E = Time spent auto-exploring this place.
 F = Levels seen in this place.
 G = Mean time per level.
                   A        B        C        D        E       F      G
               +--------+--------+--------+--------+--------+-----+--------+
         Total |   2174 |   2085 |     89 |    276 |   1429 |   3 |  724.7 |
       Dungeon |   2174 |   2085 |     89 |    276 |   1429 |   3 |  724.7 |
               +--------+--------+--------+--------+--------+-----+--------+

Top non-repeatable levels by time:
     D:2: 971 daAuts
     D:1: 806 daAuts
     D:3: 396 daAuts
